% Time on Ice - VICTORIA GLADIATORS
Lines # - Real PCT - Wanted PCT - Time Play
Normal Forward
1 - 33% - 36% - 17:28
2 - 31% - 33% - 16:15
3 - 22% - 24% - 11:33
4 - 14% - 7% - 7:09
Normal Defense
1 - 35% - 40% - 18:13
2 - 36% - 35% - 18:38
3 - 30% - 25% - 15:34
4 - 0% - 0% - 0:00
PP Forward
1 - 54% - 60% - 2:08
2 - 46% - 40% - 1:50
PP Defense
1 - 81% - 60% - 3:12
2 - 19% - 40% - 0:46
PK Forward
1 - 63% - 55% - 2:17
2 - 37% - 45% - 1:20
PK Defense
1 - 53% - 55% - 1:54
2 - 47% - 45% - 1:43
PK3 Forward
1 - 0% - 55%
2 - 0% - 45%
PK3 Defense
1 - 0% - 55%
2 - 0% - 45%
44 Forward
1 - 0% - 52%
2 - 0% - 48%
44 Defense
1 - 0% - 52%
2 - 0% - 48%
Last Minute Offensive  - 0:00
Last Minute Defensive  - 0:00
Total
Forward - 60:00
Defense - 60:00
% Time on Ice - COLORADO GLACIERCATS
Lines # - Real PCT - Wanted PCT - Time Play
Normal Forward
1 - 32% - 34% - 16:43
2 - 30% - 33% - 15:41
3 - 24% - 28% - 12:41
4 - 14% - 5% - 7:20
Normal Defense
1 - 33% - 34% - 17:31
2 - 33% - 34% - 17:09
3 - 32% - 29% - 17:00
4 - 1% - 3% - 0:45
PP Forward
1 - 58% - 55% - 2:05
2 - 42% - 45% - 1:32
PP Defense
1 - 64% - 60% - 2:19
2 - 36% - 40% - 1:18
PK Forward
1 - 42% - 50% - 1:41
2 - 58% - 50% - 2:17
PK Defense
1 - 42% - 50% - 1:41
2 - 58% - 50% - 2:17
PK3 Forward
1 - 0% - 50%
2 - 0% - 50%
PK3 Defense
1 - 0% - 50%
2 - 0% - 50%
44 Forward
1 - 0% - 50%
2 - 0% - 50%
44 Defense
1 - 0% - 45%
2 - 0% - 55%
Last Minute Offensive  - 0:00
Last Minute Defensive  - 0:00
Total
Forward - 60:00
Defense - 60:00
Play-by-Play 1st period 0:01 of 1st period - Anze Kopitar wins face-off versus Tomas Hertl in neutral zone. 0:03 of 1st period - Kyle Connor is hit by Devon Toews and loses puck. 1:03 of 1st period - Mario Ferraro is hit by Johan Larsson and loses puck. 1:08 of 1st period - Shot by Johan Larsson. 1:08 of 1st period - Stopped by Marc-Andre Fleury without a rebound. 1:09 of 1st period - Adam Lowry wins face-off versus Brayden Schenn in COLORADO GLACIERCATS zone. 1:32 of 1st period - Shot by Alex Newhook. 1:32 of 1st period - Shot Misses the Net. 2:53 of 1st period - Shot by Barclay Goodrow. 2:53 of 1st period - Shot Misses the Net. 3:04 of 1st period - Off-side. 3:05 of 1st period - Tyson Jost wins face-off versus Anze Kopitar in neutral zone. 3:28 of 1st period - Shot by Devon Toews. 3:28 of 1st period - Stopped by Mike Smith without a rebound. 3:29 of 1st period - Kevin Rooney wins face-off versus Blake Wheeler in VICTORIA GLADIATORS zone. 3:29 of 1st period - Kevin Rooney is hit by Alex Iafallo. 3:37 of 1st period - Shot by Victor Rask. 3:37 of 1st period - Shot Misses the Net. 4:20 of 1st period - Minor Penalty to Johan Larsson for Slashing. 4:21 of 1st period - Adam Lowry wins face-off versus Tomas Hertl in VICTORIA GLADIATORS zone. 4:21 of 1st period - Adam Lowry is hit by Sam Reinhart. 4:54 of 1st period - Shot by Sam Reinhart. 4:54 of 1st period - Stopped by Mike Smith without a rebound. 4:55 of 1st period - Brayden Schenn wins face-off versus Kevin Rooney in VICTORIA GLADIATORS zone. 5:12 of 1st period - Shot by Tage Thompson. 5:12 of 1st period - Deflect By Brayden Schenn. 5:12 of 1st period - Shot Misses the Net. 5:14 of 1st period - Shot by Mario Ferraro. 5:14 of 1st period - Stopped by Mike Smith without a rebound. 5:15 of 1st period - Tomas Hertl wins face-off versus Adam Lowry in VICTORIA GLADIATORS zone. 6:36 of 1st period - Off-side. 6:37 of 1st period - Barclay Goodrow wins face-off versus Kevin Hayes in neutral zone. 6:39 of 1st period - Colton Parayko is hit by Devon Toews and loses puck. 7:05 of 1st period - Shot by Johan Larsson. 7:05 of 1st period - Deflect By Tyler Toffoli. 7:05 of 1st period - Stopped by Marc-Andre Fleury without a rebound. 7:06 of 1st period - Anze Kopitar wins face-off versus Tomas Hertl in COLORADO GLACIERCATS zone. 7:06 of 1st period - Kyle Connor is hit by Luke Schenn and loses puck. 7:22 of 1st period - Icing by Kyle Connor. 7:23 of 1st period - Brayden Schenn wins face-off versus Anze Kopitar in VICTORIA GLADIATORS zone. 7:26 of 1st period - Shot by Blake Wheeler. 7:26 of 1st period - Shot Blocked by Patrik Nemeth. 7:28 of 1st period - Shot by Mario Ferraro. 7:28 of 1st period - Stopped by Mike Smith with a rebound. 7:32 of 1st period - Shot by Alex Iafallo. 7:32 of 1st period - Stopped by Mike Smith without a rebound. 7:33 of 1st period - Barclay Goodrow wins face-off versus Tomas Hertl in VICTORIA GLADIATORS zone. 7:37 of 1st period - Icing by Johan Larsson. 7:38 of 1st period - Tomas Hertl wins face-off versus Barclay Goodrow in VICTORIA GLADIATORS zone. 7:45 of 1st period - Shot by Leon Draisaitl. 7:45 of 1st period - Goal by Leon Draisaitl - VICTORIA GLADIATORS : 0 - COLORADO GLACIERCATS : 1. 7:46 of 1st period - Tomas Hertl wins face-off versus Adam Lowry in neutral zone. 7:46 of 1st period - Tomas Hertl is hit by Adam Lowry. 8:13 of 1st period - Icing by Calvin De Haan. 8:14 of 1st period - Brayden Schenn wins face-off versus Adam Lowry in VICTORIA GLADIATORS zone. 8:14 of 1st period - Alex Iafallo is hit by Justin Holl. 8:42 of 1st period - Minor Penalty to Justin Holl for Interference. 8:43 of 1st period - Tomas Hertl wins face-off versus Kevin Rooney in VICTORIA GLADIATORS zone. 8:48 of 1st period - Shot by Devon Toews. 8:48 of 1st period - Shot Misses the Net. 8:50 of 1st period - Shot by Sam Reinhart. 8:50 of 1st period - Shot Blocked by Patrik Nemeth. 8:52 of 1st period - Shot by Devon Toews. 8:52 of 1st period - Goal by Devon Toews - VICTORIA GLADIATORS : 0 - COLORADO GLACIERCATS : 2. 8:53 of 1st period - Anze Kopitar wins face-off versus Kevin Hayes in neutral zone. 9:04 of 1st period - Shot by Kyle Connor. 9:04 of 1st period - Shot Misses the Net. 9:06 of 1st period - Shot by Kyle Connor. 9:06 of 1st period - Stopped by Marc-Andre Fleury with a rebound. 9:28 of 1st period - Shot by Kyle Connor. 9:28 of 1st period - Shot Misses the Net. 10:08 of 1st period - Icing by Devon Toews. 10:09 of 1st period - Tomas Hertl wins face-off versus A